 Dungeon Crawl Stone Soup version 0.26-a0-668-gd58323b419 (webtiles) character file.

Game seed: 8472062352525818171

20 mandarbmax the Vexing (level 2, -1/34 HPs)
             Began as a Gnoll Arcane Marksman on Oct 19, 2020.
             Was an Initiate of Okawaru.
             Slain by Natasha (2 damage)
             ... on level 2 of the Dungeon.
             The game lasted 00:03:03 (1028 turns).

mandarbmax the Vexing (Gnoll Arcane Marksman)       Turns: 1028, Time: 00:03:04

Health: -1/34      AC: 21    Str: 12    XL:     2   Next: 79%
Magic:  1/5        EV:  2    Int: 15    God:    Okawaru [......]
Gold:   72         SH:  0    Dex: 21    Spells: 3/6 levels left

rFire    . . .     SeeInvis .   b - +0 whip
rCold    . . .     Faith    .   (no shield)
rNeg     + + +     Spirit   .   (armour currently unavailable)
rPois    +         Reflect  .   (helmet currently unavailable)
rElec    .         Harm     .   (cloak currently unavailable)
rCorr    .         Rampage  .   (gloves currently unavailable)
MR       .....     NoTele   +   (boots currently unavailable)
Stlth    ++........             (no amulet)
HPRegen  0.11/turn              h - +6 ring of dexterity
MPRegen  0.09/turn              (no ring)

@: tree-form, stab, slowed, very slow
A: distributed training, strong nose
a: Renounce Religion


You were on level 2 of the Dungeon.
You worshipped Okawaru.
Okawaru was noncommittal.
You were a tree.
You visited 1 branch of the dungeon, and saw 2 of its levels.

You collected 72 gold pieces.

Inventory:

Hand Weapons
 a - a +0 shortbow
 b - a +0 whip (weapon)
Missiles
 d - 24 arrows
Armour
 l - a +0 ring mail (melded)
Jewellery
 h - a +6 ring of dexterity (left branch)
Wands
 e - a wand of digging (2)
Scrolls
 c - a scroll of enchant armour {unknown}
 g - a scroll of enchant weapon {unknown}
 i - 2 scrolls of identify {unknown}
 j - a scroll of teleportation {unknown}
Potions
 f - 2 potions of lignification


   Skills:
 + Level 2.5 Fighting
 + Level 0.5 Short Blades
 + Level 0.5 Long Blades
 + Level 0.5 Axes
 + Level 0.5 Maces & Flails
 + Level 0.5 Polearms
 + Level 0.5 Staves
 + Level 0.5 Slings
 + Level 4.5 Bows
 + Level 0.5 Crossbows
 + Level 0.5 Throwing
 + Level 0.5 Armour
 + Level 4.5 Dodging
 + Level 0.5 Stealth
 + Level 0.5 Shields
 + Level 0.5 Unarmed Combat
 + Level 2.7 Spellcasting
 + Level 0.3 Conjurations
 + Level 5.3 Hexes
 + Level 0.3 Summonings
 + Level 0.3 Necromancy
 + Level 0.3 Translocations
 + Level 0.3 Transmutations
 + Level 0.3 Fire Magic
 + Level 0.3 Ice Magic
 + Level 0.3 Air Magic
 + Level 0.3 Earth Magic
 + Level 0.3 Poison Magic
 + Level 0.6 Invocations
 + Level 0.5 Evocations


You had 3 spell levels left.
You knew the following spells:

 Your Spells              Type           Power        Failure   Level
a - Corona                Hex            ###....      2%          1
b - Slow                  Hex            ###.....     3%          2

Your spell library contained the following spells:

 Spells                   Type           Power        Failure   Level
 Inner Flame              Hex/Fire       ##......     19%         3
 Portal Projectile        Hex/Tloc       ##....       19%         3
 Cause Fear               Hex            ###.......   22%         4
 Leda's Liquefaction      Hex/Erth       ##........   54%         4


Dungeon Overview and Level Annotations

Branches:
Dungeon (2/15)

Altars:
Okawaru

Annotations:
D:2 Natasha


Innate Abilities, Weirdness & Mutations

Your experience applies equally to all skills.
((You have very sharp teeth.))
Your uncanny sense of smell can sniff out nearby items.


Message History

Aim: Natasha (moderately wounded, chance to defeat MR: 56%) Natasha resists with significant effort.
Natasha casts a spell at you.
You feel as though you will be slow longer.
Casting: Slow (safe; 3% risk of failure)
Confirm with . or Enter, or press ? or * to list all spells.
Aiming: Slow (safe; 3% risk of failure)
Press: ? - help, Shift-Dir - straight line, f/p - Natasha
Aim: Natasha (moderately wounded, chance to defeat MR: 56%) Natasha resists with significant effort.
Natasha claws you.
* * * LOW HITPOINT WARNING * * *
Natasha claws you but does no damage.
You hit Natasha.
Natasha is heavily wounded.
Natasha casts a spell.
You barely miss Natasha.
Natasha is heavily wounded.
Natasha drinks a potion.
Natasha is healed!
Natasha claws you.
You die...

....≈...##........#
.≈..≈≈..##.########
...............##
#.................
####.####..###.###
.. ####........ ##
#....####.###
#....# #.♣.## ##h##
#5# #(# #(# #.# ..#
.##


You could see Natasha and a shadow imp (summoned).

Vanquished Creatures
  A dart slug (D:1)
  A giant cockroach (D:1)
  2 goblins (D:1)
  A hobgoblin (D:2)
  A quokka (D:2)
  3 bats
  4 frilled lizards (D:1)
  5 kobolds
  A rat (D:1)
19 creatures vanquished.

Notes
Turn   | Place    | Note
-------+----------+-------------------------------------------
     0 | D:1      | mandarbmax the Gnoll Arcane Marksman began the quest for
                  | the Orb.
     0 | D:1      | Reached XP level 1. HP: 17/17 MP: 4/4
   235 | D:1      | Reached XP level 2. HP: 19/23 MP: 5/5
   283 | D:1      | Learned a level 2 spell: Slow
   559 | D:1      | Found an iron altar of Okawaru.
   566 | D:1      | Became a worshipper of Warmaster Okawaru
  1003 | D:2      | Noticed Natasha
  1018 | D:2      | HP: 1/34 [Natasha (4)]
  1026 | D:2      | HP: 1/34 [Natasha (2)]
  1028 | D:2      | Slain by Natasha

Illustrated notes

Levels and vault maps discovered:
D:1:      dpeg_arrival_erosion, layout_basic, okawaru_ov_weapons_minmay
D:2:      layout_loops_ring, lemuel_doored_altar,
          chequers_serial_rivers_micro_c, uniq_natasha, uniq_terence

Action                   || total
-------------------------++-------
Melee: Whip              ||    28
       Bite              ||     2
 Fire: Shortbow          ||    38
 Cast: Corona            ||    10
       Slow              ||     4
  Use: Potion            ||     2
Armor: Robe              ||     5
       Skin              ||     8
       Ring mail         ||     2
Dodge: Dodged            ||    28

Table legend: (Time is in decaauts)
 A = Elapsed time spent in this place.
 B = Non-inter-level travel time spent in this place.
 C = Inter-level travel time spent in this place.
 D = Time resting spent in this place.
 E = Time spent auto-exploring this place.
 F = Levels seen in this place.
 G = Mean time per level.
                   A        B        C        D        E       F      G
               +--------+--------+--------+--------+--------+-----+--------+
         Total |   1035 |   1006 |     29 |     43 |    792 |   2 |  517.5 |
       Dungeon |   1035 |   1006 |     29 |     43 |    792 |   2 |  517.5 |
               +--------+--------+--------+--------+--------+-----+--------+

Top non-repeatable levels by time:
     D:1: 888 daAuts
     D:2: 146 daAuts
